AoeStats
← Metallers

Black Forest

510340875Analyzed
2v2 RM · 2d ago on Sep 30, 2026· 53m 43s· 4 players
Game mode
Random Map
Map size
Medium (4 player)
Population
200
Speed
Normal
Resources
Standard
Victory
Conquest
Starting age
Dark Age
Ending age
Imperial Age
RankedLock teamsTeams togetherTeam positionsShared explorationLock speedFull tech treeHidden civsTurbo modeCheats
Victory
Defeat
🇬🇧 Khmer · United Kingdom
707
+13
🇮🇹 Franks · Italy
703
+13
654
-13
🇷🇴 Britons · Romania
640
-32
Reformed Ardiles Adevartu
6:13 Loom
10:21 Feudal Age
10:47 Horse Collar
10:54 Double-Bit Axe
12:20 Wheelbarrow
19:09 Castle Age
19:00 Gold Mining
19:03 Stone Mining
21:45 Heavy Plow
21:58 Bow Saw
22:44 Hand Cart
24:28 Stone Shaft Mining
32:00 Imperial Age
30:56 Scale Barding Armor
31:02 Forging
32:25 Bloodlines
32:18 Husbandry
33:12 Conscription
32:21 Cavalier
35:31 Chain Barding Armor
35:47 Iron Casting
36:27 Paladin
44:29 Plate Barding Armor
Ceafa de Porc
12:10 Feudal Age
16:44 Wheelbarrow
26:16 Castle Age
33:51 Gambesons
43:55 Crossbowman
47:37 Imperial Age
48:12 Hand Cart
MrAlar6550
0:27 Loom
13:41 Feudal Age
14:44 Gold Mining
14:43 Double-Bit Axe
14:52 Stone Mining
19:48 Castle Age
22:46 Gold Shaft Mining
26:08 Bow Saw
28:22 Wheelbarrow
30:24 Fortified Wall
30:10 Murder Holes
33:14 Imperial Age
30:43 Treadmill Crane
31:40 Hand Cart
34:02 Fletching
33:40 Cavalier
34:20 Husbandry
34:28 Caravan
35:03 Forging
34:54 Scale Mail Armor
34:59 Scale Barding Armor
34:49 Bodkin Arrow
34:54 Padded Archer Armor
35:08 Masonry
36:45 Paladin
39:16 Iron Casting
38:57 Chain Mail Armor
39:02 Chain Barding Armor
38:57 Leather Archer Armor
41:31 Blast Furnace
41:05 Chain Barding Armor
41:00 Leather Archer Armor
40:26 Pikeman
41:07 Squires
40:53 Gambesons
40:53 Arson
42:13 Halberdier
44:11 Plate Barding Armor
44:06 Plate Mail Armor
Metallers
1:20 Loom
13:00 Feudal Age
15:43 Wheelbarrow
14:49 Horse Collar
16:13 Stone Mining
19:00 Town Watch
19:13 Gold Mining
22:15 Castle Age
23:11 Forging
26:48 Husbandry
26:59 Bloodlines
27:26 Heavy Plow
27:18 Double-Bit Axe
30:16 Stone Shaft Mining
31:54 Scale Barding Armor
34:44 Town Patrol
35:02 Hand Cart
37:20 Caravan
37:49 Chain Barding Armor
38:05 Iron Casting
39:07 Gold Shaft Mining
40:40 Bow Saw
40:44 Fervor
41:39 Tusk Swords
43:11 Pikeman
43:37 Arson
48:56 Imperial Age
47:30 Scale Mail Armor
47:21 Fletching
47:32 Padded Archer Armor
50:07 Conscription
49:32 Halberdier
53:15 Plate Barding Armor
53:41 Blast Furnace
52:58 Chain Mail Armor
52:40 Bodkin Arrow
Connection lost

Rejoining the realm…

Still unreachable

The connection could not be restored.

Session expired

The server has moved on; the page needs a fresh start.